 Dungeon Sprint DCSS version 0.27.1-3-gb3d3a73c9e (webtiles) character file.

Game seed: 10326700825335345579

440 raph the Carver (level 6, -1/58 HPs)
             Began as a Minotaur Berserker on Oct 17, 2021.
             Was a Believer of Trog.
             Slain by Sonja (3 damage)
             ... in the Dungeon (Sprint I: "Red Sonja").
             The game lasted 00:01:22 (610 turns).

raph the Carver (Minotaur Berserker)                 Turns: 610, Time: 00:01:22

Health: -1/58      AC: 10    Str: 22    XL:     6   Next: 70%
Magic:  5/5        EV:  9    Int:  4    God:    Trog [**....]
Gold:   297        SH:  0    Dex: 11    Spells: 5/5 levels left

rFire    . . .     SeeInvis .   a - +0 falchion
rCold    . . .     Faith    .   (no shield)
rNeg     . . .     Spirit   .   i - +0 chain mail
rPois    .         Reflect  .   (helmet restricted)
rElec    .         Harm     .   (no cloak)
rCorr    .         Rampage  .   (no gloves)
Will     ++...     NoTele   +   (no boots)
Stlth    ..........             (no amulet)
HPRegen  1.19/turn              (no ring)
MPRegen  0.09/turn              (no ring)

@: strong-willed, on berserk cooldown, regenerating, slowed, very slow
A: horns 2, retaliatory headbutt
a: Renounce Religion, Berserk, Trog's Hand


You were in the Dungeon.
You worshipped Trog.
Trog was pleased with you.
You visited 1 branch You collected 297 gold pieces.

Inventory:

Hand Weapons
 a - a +0 falchion (weapon)
Armour
 b - a +0 animal skin
 i - a +0 chain mail (worn)
Scrolls
 h - a scroll of blinking
Potions
 c - a potion of curing
 d - a potion of heal wounds
 e - a potion of haste
 f - 2 potions of magic
 g - a potion of berserk rage
 j - a potion of brilliance {unknown}


   Skills:
 + Level 6.7 Fighting
 - Level 14.0 Long Blades
 + Level 6.2 Armour
 + Level 5.5 Dodging


You had 5 spell levels left.
You didn't know any spells.
Your spell library was empty.

Dungeon Overview and Level Annotations

Branches:
Dungeon (1/1)

Altars:
Cheibriados
Dithmenos
Elyvilon
Fedhas
Gozag
Hepliaklqana
Kikubaaqudgha
Nemelex Xobeh
Okawaru
Qazlal
Ru
Sif Muna
Trog
Uskayaw
Vehumet
Wu Jian
Yredelemnul
Zin
The Shining One

Shops:
D :

Annotations:
D Sonja


Innate Abilities, Weirdness & Mutations

You have a pair of horns on your head.
You reflexively headbutt those who attack you in melee.


Message History

Sonja completely misses you. Sonja barely misses you.
Sonja hits you but does no damage. Space bends around you.
You miss Sonja. You completely miss Sonja. Sonja closely misses you.
Sonja hits you with a +2 short sword of distortion.
Space bends around you.
Sonja hits you with a +2 short sword of distortion!
Space bends around you.
* * * LOW HITPOINT WARNING * * *
You closely miss Sonja. Your headbutt misses Sonja. You miss Sonja.
Your headbutt misses Sonja.
Sonja hits you with a +2 short sword of distortion.
* * * LOW HITPOINT WARNING * * *
Sonja hits you but does no damage. x2
You completely miss Sonja. Your headbutt misses Sonja. You hit Sonja.
Sonja is lightly wounded.
Sonja hits you but does no damage. x2; Sonja closely misses you.
You barely miss Sonja. Your headbutt misses Sonja.
Sonja is lightly wounded.
You completely miss Sonja.
Sonja is lightly wounded.
Sonja bows elegantly.
Sonja hits you but does no damage. Space bends around you.
* * * LOW HITPOINT WARNING * * *
Sonja hits you with a +2 short sword of distortion.
* * * LOW HITPOINT WARNING * * *
Sonja hits you with a +2 short sword of distortion.
* * * LOW HITPOINT WARNING * * *
You completely miss Sonja. Your headbutt misses Sonja.
Sonja is lightly wounded.
You are no longer berserk.
You are exhausted.
You feel yourself slow down.
Sonja hits you with a +2 short sword of distortion.
* * * LOW HITPOINT WARNING * * *
Space bends around you.
* * * LOW HITPOINT WARNING * * *
Sonja hits you but does no damage. Space bends around you.
You die...

#..#####'#####'#
#..####..#...#.#
#..#__####..##(#
#..#_____##'#_.+
#⌠⌠#_.∩...†..._#
####_..__##_.#+#
#_____###'#
#########.##


+$@$+ #$K$# ##.## #+# You could see Sonja.

Vanquished Creatures
  Sigmund (D)
  A yak (D)
  An ogre (D)
  A jelly (D)
  Ijyb (D)
5 creatures vanquished.

Notes
Turn   | Place    | Note
-------+----------+-------------------------------------------
     0 | D        | raph the Minotaur Berserker began the quest for the Orb.
     0 | D        | Reached XP level 1. HP: 19/19 MP: 0/0
     1 | D        | Noticed Ijyb
    12 | D        | Killed Ijyb
    13 | D        | Reached skill level 5 in Fighting
    13 | D        | Reached skill level 5 in Long Blades
    13 | D        | Reached XP level 2. HP: 29/29 MP: 1/1
    81 | D        | Noticed an ogre
    83 | D        | Killed an ogre
    84 | D        | Reached skill level 9 in Long Blades
    84 | D        | Reached XP level 3. HP: 36/36 MP: 2/2
    84 | D        | Reached XP level 4. HP: 42/42 MP: 3/3
   125 | D        | Noticed Sigmund
   136 | D        | Killed Sigmund
   136 | D        | Reached ** piety under Trog
   137 | D        | Reached skill level 13 in Long Blades
   137 | D        | Reached XP level 5. HP: 48/48 MP: 4/4
   320 | D        | Found a shimmering blue altar of Sif Muna.
   321 | D        | Found an ornate altar of the Wu Jian Council.
   326 | D        | Found a radiant altar of Vehumet.
   333 | D        | Reached XP level 6. HP: 23/56 MP: 5/5
   521 | D        | Found Dupsam's Book Emporium.
   521 | D        | Found an ancient bone altar of Kikubaaqudgha.
   521 | D        | Found a stormy altar of Qazlal.
   521 | D        | Found a blossoming altar of Fedhas.
   521 | D        | Found a bloodstained altar of Trog.
   521 | D        | Found an iron altar of Okawaru.
   521 | D        | Found a glowing golden altar of the Shining One.
   521 | D        | Found a glowing silver altar of Zin.
   521 | D        | Found a white marble altar of Elyvilon.
   521 | D        | Noticed a yak
   525 | D        | Killed a yak
   526 | D        | Reached skill level 14 in Long Blades
   526 | D        | Reached skill level 5 in Dodging
   526 | D        | Found a hazy altar of Hepliaklqana.
   526 | D        | Found a hide-covered altar of Uskayaw.
   526 | D        | Found a basalt altar of Yredelemnul.
   526 | D        | Found a snail-covered altar of Cheibriados.
   526 | D        | Found a sacrificial altar of Ru.
   526 | D        | Found a shadowy altar of Dithmenos.
   567 | D        | Found an opulent altar of Gozag.
   582 | D        | Found a sparkling altar of Nemelex Xobeh.
   594 | D        | Noticed Sonja
   610 | D        | HP: 2/58 [Sonja (4)]
   610 | D        | Slain by Sonja

Illustrated notes

Levels and vault maps discovered:
D:        dungeon_sprint_1 [red_sonja_temple_1, red_sonja_temple_small_1]

Skill      XL: |  1  2  3  4  5  6 |
---------------+-------------------+-----
Fighting       | 5 6 |  6.7
Long Blades    | 5 9 13 14 | 14.0
Armour         | 4 6 |  6.2
Dodging        | 3 5 |  5.5

Action                   |  1- 3 |  4- 6 || total
-------------------------+-------+-------++-------
Melee: Falchion          |    10 |    27 ||    37
       Headbutt          |     2 |     3 ||     5
Invok: Berserk           |     2 |     3 ||     5
       Trog's Hand       |       |     1 ||     1
Armor: Animal skin       |     1 |       ||     1
       Chain mail        |       |    11 ||    11
Dodge: Dodged            |     5 |     9 ||    14
       Rpst.: Falchion   |     1 |       ||     1
